 Dungeon Crawl Stone Soup version 0.28-a0-998-gb9e9c7b67e (webtiles) character file.

Game seed: 9367845635518051677

1920 bearlyready the Destroyer (level 8, -10/57 HPs)
             Began as a Black Draconian Conjurer on Dec 5, 2021.
             Was a Believer of Nemelex Xobeh.
             Mangled by Harold (17 damage)
             ... on level 7 of the Dungeon.
             The game lasted 00:14:32 (7245 turns).

bearlyready the Destroyer (DrCj)                    Turns: 7245, Time: 00:14:33

Health: -10/57     AC:  7    Str: 10    XL:     8   Next: 95%
Magic:  2/11       EV: 12    Int: 27    God:    Nemelex Xobeh [**....]
Gold:   319        SH:  0    Dex:  9    Spells: 4/11 levels left

rFire   . . .      SeeInvis .   k - +3 hunting sling (flame)
rCold   . . .      Faith    .   (no shield)
rNeg    . . .      Spirit   .   (armour unavailable)
rPois   .          Reflect  .   (helmet restricted)
rElec   +          Harm     .   (no cloak)
rCorr   .          Rampage  .   b - +0 pair of gloves
Will    .....                   (no boots)
Stlth   ++........              (no amulet)
HPRegen 0.19/turn               s - +6 ring of intelligence
MPRegen 0.12/turn               (no ring)

@: marked, studying Necromancy
A: breathe lightning, AC +6, unfitting armour, electricity resistance,
cold-blooded
a: Breathe Lightning, Renounce Religion, Draw Escape, Draw Destruction, Draw
Summoning


You were on level 7 of the Dungeon.
You worshipped Nemelex Xobeh.
Nemelex Xobeh was pleased with you.
You visited 2 branches of the dungeon, and saw 8 of its levels.
You also visited: Sewer.

You collected 319 gold pieces.

Inventory:

Hand Weapons
 k - a +3 hunting sling of flaming (weapon)
 y - a +3 short sword of freezing
Missiles
 h - a throwing net
 m - 177 stones (quivered ammo)
 n - 15 sling bullets
 o - a boomerang of dispersal
 t - 3 curare-tipped darts
 u - 5 datura-tipped darts
 C - 2 boomerangs
Armour
 b - a +0 pair of gloves (worn)
Jewellery
 s - a +6 ring of intelligence (left hand)
 E - a ring of ice
Wands
 l - a wand of digging (11)
Scrolls
 a - a scroll of vulnerability {unknown}
 c - 2 scrolls of enchant armour {unknown}
 d - 2 scrolls of fear
 i - a scroll of acquirement {unknown}
 p - 2 scrolls of blinking
 r - a scroll of enchant weapon {unknown}
 v - 3 scrolls of amnesia
 w - a scroll of noise {unknown}
 z - a scroll of teleportation {unknown}
 A - 4 scrolls of fog {unknown}
Potions
 e - 2 potions of ambrosia {unknown}
 f - a potion of brilliance {unknown}
 g - 3 potions of curing
 j - 2 potions of lignification {unknown}
 q - 2 potions of might {unknown}
 x - 3 potions of degeneration {unknown}
 B - a potion of magic {unknown}
 D - a potion of cancellation {unknown}


   Skills:
 - Level 2.1 Slings
 - Level 1.7 Dodging
 - Level 1.7 Stealth
 - Level 2.0 Spellcasting
 + Level 9.5 Conjurations
 + Level 4.9 Hexes
 - Level 5.1 Invocations


You had 4 spell levels left.
You knew the following spells:

 Your Spells              Type           Power      Damage    Failure   Level
a - Magic Dart            Conj           100%       1d8       1%          1
b - Searing Ray           Conj           100%       2d8       1%          2
c - Fulminant Prism       Conj/Hex       20%        3d13      4%          4

Your spell library contained the following spells:

 Spells                   Type           Power      Damage    Failure   Level
 Foxfire                  Conj/Fire      100%       2x1d9     1%          1
 Dazzling Flash           Conj/Hex       82%        N/A       1%          3
 Conjure Flame            Conj/Fire      28%        6-21      4%          3
 Inner Flame              Hex/Fire       16%        N/A       11%         3
 Flame Wave               Conj/Fire      28%        2d6       14%         4
 Iskenderun's Mystic Bla  Conj/Tloc      28%        2d7       14%         4
 Sticky Flame             Conj/Fire      28%        2d5       14%         4
 Ignite Poison            Fire/Tmut/Pois 2%         N/A       28%         3
 Silence                  Hex/Air        8%         N/A       69%         5
 Agony                    Necr           2%         N/A       95%         5


Dungeon Overview and Level Annotations

Branches:
Dungeon (7/15)             Temple (1/1) D:6           Sewer (visited)

Altars:
Dithmenos
Elyvilon
Hepliaklqana
Nemelex Xobeh
Qazlal
Trog
Yredelemnul

Shops:
D:1 :   D:6 :

Annotations:
D:7 Harold


Innate Abilities, Weirdness & Mutations

You can breathe wild blasts of lightning.
Your glossy black scales are hard. (AC +6)
You cannot fit into any form of body armour.
You are resistant to electric shocks. (rElec)
You are cold-blooded and may be slowed by cold attacks.


Message History

You breathe a wild blast of lightning!
The orb of electricity explodes!
The orb of electricity engulfs you! You resist.
The orb of electricity engulfs Harold!!
Harold is heavily wounded.
You hear a mighty clap of thunder! x2
The orc wizard casts a spell.
The orc wizard flickers and vanishes!
Deactivating autopickup; reactivate with Ctrl-A.
Harold barely misses you.
Casting: Searing Ray (safe; 1% risk of failure)
Confirm with . or Enter, or press ? or * to list all spells.
Aiming: Searing Ray (safe; 1% risk of failure)
Press: ? - help, Shift-Dir - straight line, f - Harold
Aim: Harold, wielding a +0 long sword, wearing a +2 chain mail of fire resistance and quivering 4 throwing nets (heavily wounded, 92% to hit)
The searing ray hits Harold.
Harold is heavily wounded.
The searing ray hits something. (Press . to maintain the ray.) Harold points at you and mumbles some strange words.
A sentinel's mark forms upon you.
The searing ray hits Harold.
Harold is severely wounded.
The searing ray hits something!
Harold hits you with a +0 long sword!
The searing ray hits Harold.
Harold is severely wounded.
Harold hits you with a +0 long sword.
* * * LOW HITPOINT WARNING * * *
The searing ray hits Harold!
Harold is severely wounded.
The searing ray hits something.
Reactivating autopickup.
You feel a bit more experienced.
You finish channelling your searing ray.
You have got your breath back.
Harold hits you with a +0 long sword!
* * * LOW HITPOINT WARNING * * *
It was a potion of curing.
You feel better. Harold hits you with a +0 long sword!
You die...
Your body glows slightly and disappears.

#..........##
..##.....##
#### #.#####
#... #.# ####
#.## #.#.##
..###.## #..#
##.#### ...#
##@..# #.#.
#@##.# # #
#)# .# #.# #
.). ##. #


You could see Harold.

Vanquished Creatures
  A water moccasin (Sewer)
  2 sky beasts (D:7)
  3 centaurs
  2 ogres
  A phantom (D:5)
  A bullfrog (D:6)
  2 scorpions
  A water moccasin skeleton (D:5)
  7 wights (D:7)
  2 bullfrog zombies
  A jelly (D:4)
  2 hounds (D:5)
  2 gnoll shamans
  Jessica (D:2)
  An iguana (D:7)
  Natasha (thrice) (D:2)
  An orc wizard (D:7)
  A hound skeleton (D:5)
  11 gnolls
  3 adders
  A shadow imp (D:6)
  2 white imps
  2 ufetubi (D:5)
  An adder skeleton (D:4)
  2 adder zombies (D:3)
  A worm (D:3)
  3 dart slugs
  5 orcs
  12 ball pythons
  5 endoplasms
  2 giant cockroaches
  3 goblins
  5 hobgoblins
  15 jackals
  8 quokkas
  A bat (D:2)
  A frilled lizard (D:1)
  8 kobolds
  A rat (D:1)
  A butterfly (D:1)
127 creatures vanquished.

Vanquished Creatures (others)
  A bat (D:3)
1 creature vanquished.

Grand Total: 128 creatures vanquished

Notes
Turn   | Place    | Note
-------+----------+-------------------------------------------
     0 | D:1      | bearlyready the Draconian Conjurer began the quest for the
                  | Orb.
     0 | D:1      | Reached XP level 1. HP: 14/14 MP: 3/3
   595 | D:2      | Reached XP level 2. HP: 20/20 MP: 3/5
   602 | D:1      | Learned a level 2 spell: Searing Ray
   674 | D:1      | Found a faded altar of an unknown god.
  1002 | D:1      | Found Qaqin's Book Emporium.
  1125 | D:1      | You fall into a shaft and drop 1 floor!
  1317 | D:2      | Noticed Natasha
  1319 | D:2      | Killed Natasha
  1320 | D:2      | Reached skill level 5 in Conjurations
  1320 | D:2      | Reached XP level 3. HP: 26/26 MP: 2/6
  1436 | D:2      | Noticed Natasha
  1462 | D:2      | Killed Natasha
  1463 | D:2      | Reached XP level 4. HP: 33/33 MP: 3/7
  1719 | D:2      | Noticed Natasha
  1725 | D:2      | Killed Natasha
  1726 | D:2      | Reached skill level 6 in Conjurations
  1823 | D:2      | Noticed Jessica
  1826 | D:2      | Killed Jessica
  2402 | D:3      | Found a bloodstained altar of Trog.
  2423 | D:3      | Reached XP level 5. HP: 38/38 MP: 5/8
  2820 | D:3      | Found a white marble altar of Elyvilon.
  3229 | D:3      | Found a basalt altar of Yredelemnul.
  3300 | D:4      | Found a sparkling altar of Nemelex Xobeh.
  3320 | D:4      | Reached skill level 1 in Slings
  3320 | D:4      | Reached skill level 7 in Conjurations
  3381 | D:4      | Became a worshipper of Nemelex Xobeh the Trickster
  3392 | D:4      | Reached XP level 6. HP: 30/45 MP: 4/9
  3853 | D:4      | Reached skill level 1 in Invocations
  4310 | D:4      | Your scales start taking on a glossy black colour.
  4310 | D:4      | Reached XP level 7. HP: 50/50 MP: 4/10
  4310 | D:4      | Gained mutation: You are resistant to electric shocks.
                  | (rElec) [Black Draconian growth]
  4547 | D:4      | Learned a level 4 spell: Fulminant Prism
  4558 | D:5      | Entered Level 5 of the Dungeon
  4719 | D:5      | Reached skill level 1 in Hexes
  4880 | D:5      | Reached * piety under Nemelex Xobeh
  4906 | D:5      | Reached skill level 8 in Conjurations
  5141 | D:5      | Received a gift from Nemelex Xobeh
  5390 | D:5      | Found a stormy altar of Qazlal.
  5665 | D:5      | Found a shadowy altar of Dithmenos.
  5666 | D:5      | Found a hazy altar of Hepliaklqana.
  5668 | D:5      | Noticed a shadow
  5894 | D:6      | Reached XP level 8. HP: 43/57 MP: 6/11
  5903 | D:6      | Found a staircase to the Ecumenical Temple.
  5909 | D:6      | Found Xusuf's Book Shop.
  6012 | D:6      | Found a glowing drain.
  6033 | Sewer    | Entered a sewer
  6154 | Sewer    | Reached ** piety under Nemelex Xobeh
  6559 | D:6      | Reached skill level 5 in Invocations
  6646 | Temple   | Entered the Ecumenical Temple
  6782 | D:7      | Reached skill level 9 in Conjurations
  7184 | D:7      | Received a gift from Nemelex Xobeh
  7235 | D:7      | Noticed Harold
  7244 | D:7      | HP: 1/57 [Harold (14)]
  7245 | D:7      | Mangled by Harold

Illustrated notes

Levels and vault maps discovered:
D:1:      nicolae_arrival_memento_mori, layout_rooms, serial_shops, shop_statue,
          chequers_ecumenical_altar_simple, st_stairs_12,
          kennysheep_pointless_box, hex_tiny, hangedman_glass_garden
D:2:      layout_loops_corners, uniq_natasha, uniq_jessica
D:3:      layout_rooms, elyvilon_altar_4, lemuel_zombie_altar_yredelemnul,
          old_standard_altar
D:4:      layout_gridville, nicolae_overflow_crystal_walls,
          pdpol_wu_jian_five_deadly_venoms, minmay_manual_moon
D:5:      layout_basic, riverfiend_overflow_shadow_ancestor,
          nicolae_qazlal_eye_of_the_storm, corexii_shack, minmay_quadrilaterals
D:6:      layout_gridville, minmay_temple_entry_mini_moons, serial_shops, shop,
          portal_sewer_entry_d
D:7:      layout_loops_ring, tso_altar, uniq_harold, uniq_crazy_yiuf_cottage
Temple:   corrupted_temple

Skill      XL: |  1  2  3  4  5  6  7  8 |
---------------+-------------------------+-----
Conjurations   | 5 6 7 8 9 |  9.5
Slings         | 1 2 |  2.1
Invocations    | 2 4 5 |  5.1
Hexes          | 2 4 |  4.9
Dodging        | |  1.7
Stealth        | |  1.7
Spellcasting   | |  2.0

Action                   |  1- 3 |  4- 6 |  7- 9 || total
-------------------------+-------+-------+-------++-------
Melee: Unarmed           |    53 |       |       ||    53
       Tailslap          |     3 |       |       ||     3
 Fire: Hunting sling     |       |    33 |   101 ||   134
 Cast: Magic Dart        |    33 |    37 |    17 ||    87
       Searing Ray       |     2 |    22 |    24 ||    48
 Abil: Breathe Lightning |       |       |     1 ||     1
  Use: Scroll            |     1 |       |     3 ||     4
       Potion            |       |       |     1 ||     1
 Stab: Sleeping          |     1 |       |       ||     1
Armor: Skin              |    20 |    13 |    25 ||    58
Dodge: Dodged            |    60 |    25 |    69 ||   154

Table legend: (Time is in decaauts)
 A = Elapsed time spent in this place.
 B = Non-inter-level travel time spent in this place.
 C = Inter-level travel time spent in this place.
 D = Time resting spent in this place.
 E = Time spent auto-exploring this place.
 F = Levels seen in this place.
 G = Mean time per level.
                   A        B        C        D        E       F      G
               +--------+--------+--------+--------+--------+-----+--------+
         Total |   7282 |   6929 |    353 |    486 |   5242 |   9 |  809.1 |
       Dungeon |   7051 |   6698 |    353 |    486 |   5061 |   7 | 1007.3 |
        Temple |      1 |      1 |      0 |      0 |      0 |   1 |    1.0 |
         Sewer |    229 |    229 |      0 |      0 |    181 |   1 |  229.0 |
               +--------+--------+--------+--------+--------+-----+--------+

Top non-repeatable levels by time:
     D:2: 1704 daAuts
     D:5: 1282 daAuts
     D:1: 1033 daAuts
     D:3: 966 daAuts
     D:4: 864 daAuts
     D:6: 620 daAuts
     D:7: 580 daAuts
   Sewer: 229 daAuts
  Temple: 1 daAuts
